Map: World of Sleepers LE

Players

JimRising

  • Race: Terran Terran
  • League: Master
  • Spawn Location: 1:00

InfestyQueen (ViBE) - Winner!

  • Race: Zerg Zerg
  • League: Master
  • Spawn Location: 7:00

VOD

Have the link to the VOD?

Description

Time

  • Played on: Aug. 21, 2019, 10:43 p.m.
  • Length: 22:09
Show
View Real Time Build Order
Export as new Build Order

JimRising Terran 

Build Orders: Reaper Expand 

Get SALT Encoding   

  12  0:00  SCV  
  13  0:13  SCV  
  14  0:18  Supply Depot  
  14  0:25  SCV  
  15  0:40  SCV  
  15  0:41  Barracks  
  16  0:46  Refinery  
  16  0:52  SCV  
  17  1:06  SCV  
  18  1:18  SCV  
  19  1:32  Orbital Command, Reaper  
  20  1:41  Barracks  
  20  1:51  Command Center  
  20  1:58  SCV  
  21  2:05  Supply Depot  
  21  2:10  SCV  
  21  2:15  Barracks Reactor  
  22  2:22  SCV  
  23  2:27  Refinery  
  23  2:30  Barracks Tech Lab  
  23  2:34  SCV  
  24  2:42  Factory  
  24  2:46  SCV  
  24  2:50  Marine x2  
  27  2:57  Marine  
  28  3:01  SCV  
  28  3:03  Orbital Command  
  28  3:07  Stimpack  
  28  3:08  Marine x2  
  30  3:15  Marine  
  30  3:18  SCV  
  32  3:26  Marine x2  
  34  3:27  Factory Reactor  
  34  3:30  SCV  
  34  3:33  Marine  
  34  3:34  Starport  
  36  3:36  SCV  
  37  3:42  SCV  
  37  3:43  Marine  
  37  3:47  Marine  
  37  3:48  SCV  
  41  3:50  Marine  
  41  3:55  SCV  
  43  4:00  SCV  
  43  4:01  Marine, Supply Depot  
  43  4:02  Supply Depot  
  45  4:05  Marine  
  46  4:17  Factory Reactor  
  46  4:22  Medivac x2, Marine x2  
  46  4:23  SCV x2  
  54  4:25  Supply Depot  
  54  4:26  Marine, Supply Depot  
  55  4:35  SCV x2  
  57  4:40  Marine x2  
  59  4:47  SCV x2  
  59  4:48  Supply Depot  
  61  4:53  Combat Shield  
  61  4:56  Widow Mine x2  
  61  4:59  Refinery, SCV x2  
  67  5:01  Refinery  
  67  5:10  Command Center  
  67  5:11  SCV x2  
  67  5:12  Marine  
  70  5:18  Engineering Bay  
  70  5:20  Marine  
  70  5:21  Engineering Bay  
  71  5:23  SCV x2  
  71  5:25  Marine  
  74  5:30  Marine  
  74  5:31  Supply Depot  
  74  5:35  SCV x2  
  77  5:49  Marine x2  
  79  5:50  SCV x2  
  79  5:52  Supply Depot  
  81  6:02  Terran Infantry Armor Level 1, SCV x2, Terran Infantry Weapons Level 1  
  81  6:03  Supply Depot x2  
  83  6:07  Barracks  
  83  6:08  Medivac  
  85  6:14  SCV x2  
  87  6:25  Orbital Command  
  87  6:28  Supply Depot  
  87  6:33  Barracks  
  87  6:34  SCV, Barracks  
  87  6:35  Barracks  
  87  6:36  SCV  
  89  6:46  SCV  
  90  6:50  Widow Mine x2  
  90  6:53  Orbital Command  
  94  6:56  SCV, Factory  
  95  7:01  Medivac x2  
  95  7:04  Marine x2  
  95  7:05  Marine  
  95  7:06  Barracks Tech Lab  
  95  7:08  Concussive Shells  
  102  7:10  SCV x2  
  104  7:19  Refinery  
  104  7:22  Marine x2, SCV  
  106  7:25  Barracks Reactor x3  
  106  7:28  Marauder  
  109  7:31  Medivac x2  
  109  7:34  Refinery  
  113  7:38  Missile Turret  
  113  7:40  Marine x2  
  113  7:42  Marauder  
  117  7:46  Factory Reactor  
  117  7:47  Factory Tech Lab  
  117  7:49  Marauder  
  119  7:58  Marine  
  120  8:00  Factory Tech Lab  
  120  8:04  Marauder  
  121  8:07  Marine  
  121  8:09  Marine x3  
  121  8:10  Marine  
  121  8:11  Marine x2, Marauder  
  121  8:18  Marine  
  122  8:20  SCV  
  122  8:22  Siege Tank x2  
  122  8:25  Marine, Marauder  
  132  8:27  Marine x2  
  132  8:31  Marine  
  132  8:32  Marauder  
  133  8:43  Medivac x2, Armory  
  133  8:46  Marauder  
  133  8:48  SCV x2  
  130  8:54  Siege Tank x2  
  131  8:57  Supply Depot x2  
  131  9:06  Marine x2  
  131  9:07  Marauder  
  131  9:08  Marauder, Marine x2  
  131  9:09  Marine x2  
  141  9:13  Supply Depot  
  141  9:19  Marine  
  142  9:26  Siege Tank  
  142  9:27  Siege Tank, Marine x2  
  142  9:28  Marauder  
  142  9:29  Marauder  
  148  9:35  Marine  
  148  9:36  Medivac x2  
  153  9:40  Supply Depot  
  153  9:41  Supply Depot  
  153  9:43  Terran Vehicle Weapons Level 1  
  153  9:49  Marine  
  153  9:50  Marauder  
  153  9:51  Marauder  
  153  9:52  Terran Infantry Weapons Level 2  
  158  9:53  Supply Depot  
  158  9:59  Siege Tank x2  
  164  10:04  Marine x2  
  164  10:06  Medivac x2  
  166  10:11  Marauder  
  166  10:12  Marauder  
  166  10:13  Missile Turret  
  160  10:33  Marauder  
  152  10:36  SCV  
  152  10:37  Siege Tank x2, Marine  
  152  10:38  Marine, Marauder  
  152  10:40  Medivac x2  
  167  10:53  Marine x4  
  167  10:54  Marauder  
  173  10:59  Marauder  
  173  11:09  Siege Tank x2, Marine  
  173  11:10  Marine  
  174  11:15  Marauder  
  174  11:16  Marine  
  174  11:17  Marine  
  154  11:20  Marine x2  
  154  11:21  Marauder  
  131  11:25  Medivac x2  
  124  11:35  Marine x2  
  124  11:36  Marine  
  124  11:37  Marauder  
  129  11:41  Siege Tank x2  
  129  11:42  Marauder  
  137  11:55  Medivac  
  137  11:58  Marauder  
  137  11:59  Medivac, Marine x5  
  137  12:00  Marine x3  
  151  12:04  Marauder  
  153  12:09  Bunker  
  153  12:13  Siege Tank x2  
  159  12:16  Command Center  
  159  12:17  Marine  
  159  12:19  Marauder  
  158  12:25  Marauder  
  158  12:26  Marine  
  158  12:27  Marine x2  
  162  12:35  Terran Vehicle Weapons Level 2  
  162  12:41  Marauder  
  164  12:45  Siege Tank  
  164  12:46  Marauder  
  168  13:01  Marine x3  
  168  13:02  Siege Tank, Marine, Marauder  
  165  13:07  Medivac x2, Marine  
  165  13:08  Marauder  
  172  13:16  Marine  
  173  13:27  Siege Tank, Marine x3  
  173  13:28  Marauder, SCV  
  173  13:29  Marauder, SCV  
  185  13:37  Medivac  
  184  13:55  Medivac  
  184  13:56  Marauder  
  184  13:57  Marine x2  
  184  13:58  Marauder  
  184  13:59  Marine x2  
  175  14:13  Supply Depot  
  175  14:14  Supply Depot  
  171  14:30  Marauder  
  171  14:31  Marauder  
  171  14:32  Medivac, Siege Tank  
  171  14:33  Medivac  
  171  14:34  Siege Tank  
  171  14:37  Unknown  
  167  14:39  Marine x2  
  167  14:40  Marine  
  167  14:41  Marine x2  
  172  14:51  Marauder  
  176  14:53  Marauder  
  176  14:59  Planetary Fortress  
  176  15:02  Medivac  
  176  15:03  Medivac  
  176  15:04  Siege Tank  
  176  15:07  Siege Tank  
  186  15:13  Missile Turret, Marauder  
  188  15:15  Supply Depot  
  188  15:16  Missile Turret, Supply Depot  
  188  15:34  Terran Vehicle Weapons Level 3  
  188  15:35  Terran Infantry Weapons Level 3, SCV  
  188  15:36  Marine  
  188  15:37  Siege Tank, Marauder x2  
  188  15:38  SCV  
  188  15:58  Marauder x2  
  157  16:05  Marine x2  
  157  16:06  Medivac x2  
  157  16:14  Command Center  
  157  16:18  Missile Turret  
  157  16:20  Marauder x2  
  157  16:23  Marine x2  
  163  16:26  Marine  
  163  16:27  Siege Tank  
  165  16:34  Marine  
  165  16:35  Marine  
  165  16:36  Marine  
  161  16:41  Marauder x2  
  161  16:42  Siege Tank  
  168  16:48  Medivac x2  
  172  17:02  Marauder x2  
  176  17:24  Marauder x2  
  175  17:34  Marine x2  
  175  17:35  Siege Tank x2, Marine x2  
  175  17:36  Marine x3  
  174  17:41  Marine  
  158  17:45  Marauder x2  
  159  17:52  Marine x2  
  162  17:58  SCV x3  
  165  18:07  Siege Tank x2, Marauder x2  
  165  18:10  SCV x3  
  167  18:15  Marine x2  
  161  18:28  Marauder x2  
  158  18:39  Siege Tank  
  161  18:45  Siege Tank  
  161  18:48  Marine x4  
  159  18:49  Marauder x2  
  159  18:51  Marine  
  151  19:02  Marine x2  
  153  19:04  Planetary Fortress  
  153  19:11  Marauder x2  
  153  19:12  Siege Tank  
  160  19:17  Siege Tank  
  160  19:19  Command Center  
  163  19:32  Marauder x2  
  163  19:36  Marine x2  
  163  19:37  Marine x2  
  165  19:44  Siege Tank  
  162  19:49  Siege Tank, Marine  
  162  19:50  Marine  
  162  19:52  Marine x2  
  148  19:53  Marine  
  148  19:54  Marauder x2  
  148  19:56  Marine  
  148  19:57  Marine x2  
  124  20:07  Marine x2  
  124  20:10  Marine x2  
  124  20:11  Marine  
  129  20:14  Marine x2  
  129  20:15  Marine, Marauder x2  
  132  20:25  Marine x2  
  132  20:27  Medivac x2, Marine  
  132  20:28  Marine  
  130  20:29  Marine  
  130  20:32  Marine  
  132  20:36  Marauder x2  
  132  20:37  Marine x2  
  138  20:43  Marine x2  
  138  20:46  Marine x2  
  138  20:48  Marine  
  137  20:57  Medivac x2  
  137  20:58  Marauder x2  
  139  21:08  Marine x2  
  139  21:09  Marine  
  139  21:10  Marine  
  116  21:18  Marine x3  
  116  21:19  Marauder x2  
  123  21:27  Medivac x2  
  123  21:32  Marine x2  
  125  21:34  Marine x3  
  125  21:37  Marine  
  119  21:40  Marauder x2  
  119  21:41  Marine  
  119  21:42  Marine  
  97  21:50  Marine  
Show
View Real Time Build Order
Export as new Build Order

InfestyQueen Zerg - Winner!

Build Orders: Hatch First 

Get SALT Encoding   

  12  0:00  Drone  
  13  0:13  Overlord  
  13  0:17  Drone  
  14  0:31  Drone x2  
  16  0:49  Hatchery  
  15  0:54  Drone  
  16  0:59  Drone  
  17  1:10  Spawning Pool  
  16  1:13  Drone  
  16  1:18  Drone  
  18  1:21  Drone  
  19  1:33  Drone  
  20  1:43  Drone  
  21  1:50  Hatchery  
  21  1:52  Drone  
  21  2:04  Queen  
  21  2:08  Queen  
  23  2:15  Overlord  
  25  2:21  Drone x2  
  27  2:27  Overlord  
  28  2:30  Drone  
  28  2:34  Drone x3  
  31  2:48  Drone x2  
  31  2:51  Queen  
  33  2:53  Queen  
  33  2:58  Drone x2  
  39  3:04  Queen  
  41  3:13  Overlord  
  41  3:22  Drone  
  41  3:23  Overlord  
  41  3:25  Overlord  
  42  3:31  Queen  
  42  3:32  Drone  
  42  3:33  Drone x4  
  49  3:39  Drone  
  50  3:49  Drone x3  
  50  3:50  Drone x2  
  55  3:57  Overlord  
  55  4:07  Drone x9  
  64  4:15  Queen x3  
  64  4:16  Overlord x2  
  70  4:23  Extractor  
  70  4:24  Extractor x2  
  68  4:25  Extractor  
  68  4:26  Extractor  
  68  4:27  Extractor  
  64  4:36  Drone x7  
  71  4:41  Spine Crawler  
  71  4:43  Spine Crawler  
  71  4:44  Drone x2  
  71  4:54  Drone x5  
  71  4:55  Queen x2  
  80  5:02  Lair  
  80  5:06  Drone x3  
  83  5:07  Evolution Chamber  
  83  5:08  Evolution Chamber  
  81  5:17  Overlord x2  
  81  5:26  Drone x2  
  81  5:27  Drone x2  
  81  5:28  Drone x3  
  88  5:30  Drone  
  88  5:31  Hatchery  
  88  5:37  Zerg Ground Armor Level 1, Zerg Missile Weapons Level 1  
  88  5:52  Queen x2  
  92  6:01  Drone  
  92  6:02  Burrow  
  92  6:04  Infestation Pit  
  93  6:11  Drone  
  93  6:20  Hatchery  
  92  6:26  Overlord x5  
  92  6:39  Overlord x3  
  92  6:40  Pathogen Glands, Queen x2  
  92  6:46  Overseer  
  96  6:58  Drone  
  96  6:59  Drone x5  
  102  7:03  Unknown  
  102  7:05  Spine Crawler, Infestor x6  
  102  7:06  Spore Crawler, Spine Crawler  
  102  7:08  Spine Crawler  
  109  7:11  Spine Crawler  
  109  7:13  Queen  
  110  7:16  Queen  
  110  7:20  Infestor x5  
  122  7:37  Neural Parasite  
  122  7:45  Drone x3  
  122  7:46  Drone x12  
  122  7:47  Zerg Missile Weapons Level 2  
  137  7:51  Zerg Ground Armor Level 2  
  137  8:19  Infestor x3  
  143  8:20  Queen x5  
  150  8:56  Spore Crawler, Spine Crawler, Drone  
  150  8:57  Spore Crawler, Spine Crawler x2  
  150  8:58  Spore Crawler, Extractor  
  150  8:59  Spore Crawler  
  150  9:02  Nydus Network  
  142  9:04  Queen x4  
  142  9:07  Hive  
  150  9:14  Spore Crawler x6  
  150  9:15  Spore Crawler  
  150  9:16  Spore Crawler  
  142  9:39  Queen  
  142  9:40  Queen x2  
  142  9:44  Hatchery  
  145  10:07  Queen  
  147  10:15  Queen x3  
  146  10:39  Drone x5  
  146  10:40  Drone x11  
  162  10:43  Spine Crawler, Queen  
  162  10:45  Spine Crawler  
  162  10:51  Spore Crawler  
  162  10:52  Spore Crawler x2  
  162  10:53  Nydus Canal  
  162  10:56  Infestor x14  
  177  11:31  Nydus Canal  
  177  11:50  Nydus Canal  
  177  11:51  Infestor x5  
  187  12:09  Nydus Canal  
  187  12:13  Hatchery  
  187  12:15  Spore Crawler x3  
  185  12:16  Spine Crawler  
  185  12:17  Spore Crawler, Infestor x12  
  185  12:18  Infestor x11, Spine Crawler  
  185  12:19  Spine Crawler  
  185  12:21  Spine Crawler x2  
  185  12:22  Spine Crawler  
  176  12:23  Spine Crawler  
  169  12:41  Nydus Canal  
  163  13:07  Zerg Ground Armor Level 3, Zerg Missile Weapons Level 3  
  163  13:08  Drone  
  163  13:09  Drone x11  
  175  13:14  Pneumatized Carapace  
  175  13:19  Infestor  
  175  13:20  Infestor x21  
  175  13:36  Infestor x9  
  193  13:41  Nydus Canal  
  191  14:02  Infestor x2  
  167  14:48  Infestor x14  
  185  14:53  Nydus Canal  
  185  15:02  Extractor  
  185  15:03  Extractor  
  183  15:15  Infestor x9  
  183  15:25  Drone  
  183  15:26  Drone x9  
  193  15:33  Overlord, Drone  
  193  15:34  Overlord x3  
  178  15:36  Hatchery  
  178  15:38  Spore Crawler  
  178  15:40  Spore Crawler, Spine Crawler  
  178  15:41  Hatchery, Spine Crawler  
  156  15:43  Spore Crawler, Spine Crawler  
  156  15:44  Spine Crawler  
  156  15:48  Overseer x2  
  107  16:05  Unknown  
  107  16:07  Infestor x10  
  126  16:18  Queen  
  126  16:19  Queen x4  
  128  16:34  Hatchery  
  126  16:47  Drone x5  
  130  16:54  Queen  
  130  16:56  Drone x13  
  130  16:57  Nydus Canal  
  130  16:58  Extractor  
  144  17:08  Infestor x5  
  146  17:12  Hatchery  
  146  17:13  Infestor x11  
  153  17:17  Extractor  
  148  17:47  Nydus Canal  
  148  17:51  Infestor x9  
  166  18:06  Spore Crawler  
  166  18:09  Spine Crawler  
  166  18:11  Infestor x3  
  166  18:12  Spine Crawler  
  169  18:14  Spine Crawler  
  168  18:23  Nydus Canal  
  158  19:05  Infestor  
  158  19:06  Infestor x9  
  158  19:08  Queen x3  
  184  19:36  Nydus Canal  
  148  20:02  Queen x5  
  148  20:03  Infestor x7  
  168  20:37  Queen  
  168  20:38  Queen x4  
  168  20:40  Nydus Canal  
  168  20:41  Infestor x4  
  171  21:13  Queen x2  
  167  21:24  Hatchery, Extractor  
Tags
 
Add a new tag
Caveats
  • Supply blocks, unpowered buildings, or Contaminate may cause inaccurate times.
  • Supply counts are checked every 10 seconds.